 Seeded DCSS version 0.27-a0-1287-gca74d27db6 (webtiles) character file.

Game seed: 31141622101141340 (custom seed)

56 flotson the Skirmisher (level 3, -9/29 HPs)
             Began as a Demonspawn Fighter on June 14, 2021.
             Killed from afar by Natasha (11 damage)
             ... with a magic dart
             ... on level 2 of the Dungeon.
             The game lasted 00:01:31 (1091 turns).

flotson the Skirmisher (Demonspawn Fighter)         Turns: 1091, Time: 00:01:31

Health: -9/29      AC:  7    Str: 17    XL:     3   Next: 71%
Magic:  3/3        EV:  7    Int:  9    God:
Gold:   57         SH: 13    Dex: 12    Spells: 2/2 levels left

rFire    . . .     SeeInvis .   a - +0 war axe
rCold    . . .     Faith    .   c - +0 kite shield
rNeg     . . .     Spirit   .   e - +0 scale mail
rPois    .         Reflect  .   (no helmet)
rElec    .         Harm     .   (no cloak)
rCorr    .         Rampage  .   (no gloves)
Will     .....                  (no boots)
Stlth    ..........             (no amulet)
HPRegen  0.09/turn              (no ring)
MPRegen  0.08/turn              (no ring)

@: slowed, very slow
A: rugged brown scales 1, condensation shield
a: no special abilities


You were on level 2 of the Dungeon.
You visited 1 branch of the dungeon, and saw 2 of its levels.

You collected 57 gold pieces.

Inventory:

Hand Weapons
 a - a +0 war axe (weapon)
 b - a +0 hunting sling
Missiles
 g - 12 poisoned darts (quivered)
 h - 5 boomerangs
 l - 14 sling bullets
Armour
 c - a +0 kite shield (worn)
 e - a +0 scale mail (worn)
Scrolls
 i - 2 scrolls of identify {unknown}
 k - a scroll of teleportation {unknown}
Potions
 d - 3 potions of might
 f - a potion of mutation {unknown}
 j - a potion of haste {unknown}
 m - a potion of flight {unknown}
 n - a potion of ambrosia {unknown}


   Skills:
 + Level 3.3 Fighting
 + Level 2.2 Axes
 + Level 0.9 Throwing
 + Level 3.0 Armour
 + Level 1.2 Dodging
 + Level 3.0 Shields


You had 2 spell levels left.
You didn't know any spells.
Your spell library was empty.

Dungeon Overview and Level Annotations

Branches:
Dungeon (2/15)

Altars:

Annotations:
D:2 Natasha


Innate Abilities, Weirdness & Mutations

You are partially covered in rugged brown scales. (AC +1, +3% HP)
A meltable shield of frost defends you. (SH +4)


Message History

The magic dart hits you! You block Natasha's attack.
You hit Natasha but do no damage.
Natasha is severely wounded.
Natasha claws you but does no damage. Natasha casts a spell at you.
You resist with significant effort.
You hit Natasha.
Natasha is almost dead.
Natasha mumbles some strange words.
You block Natasha's attack.
You closely miss Natasha.
Natasha is almost dead.
You slash the crimson imp! You block Natasha's attack.
The crimson imp hits you but does no damage.
Natasha completely misses you. You block the crimson imp's attack.
Natasha howls an incantation.
Natasha's front paws start to glow.
Natasha claws you!
* * * LOW HITPOINT WARNING * * *
You closely miss Natasha.
Natasha is almost dead.
You slash the crimson imp! You block the crimson imp's attack.
Natasha claws you.
* * * LOW HITPOINT WARNING * * *
The crimson imp hits you but does no damage.
Natasha barely misses you.
You barely miss Natasha.
Natasha is almost dead.
You hit the crimson imp.
You kill the crimson imp!
Natasha mumbles some strange words.
You block Natasha's attack.
Natasha stares at you and mumbles some strange words.
You feel as though you will be slow longer.
You closely miss Natasha.
Natasha is almost dead.
You hit the shadow imp. Natasha casts a spell at you. The magic dart hits you!
You die...

#.....#.####....PPP..##
#.....#.# ####### #
###.....#.# ##
#.........# #.
#.#.......# #..#
...#.......# .....# .##
#.#.##.####### .#... #
#.#....5...... ..... #
#.####@#####.# ##.( #
#. #h# ##. # #.# # #.#
#.# #.. ..# ..#


You could see Natasha and a shadow imp (summoned).

Vanquished Creatures
  Natasha (D:2)
  4 endoplasms
  A giant cockroach (D:1)
  3 goblins
  4 hobgoblins
  4 jackals (D:2)
  3 ball pythons (D:1)
  5 bats
  A frilled lizard (D:1)
  3 rats
29 creatures vanquished.

Vanquished Creatures (others)
  4 toadstools (D:1)
4 creatures vanquished.

Grand Total: 33 creatures vanquished

Notes
Turn   | Place    | Note
-------+----------+-------------------------------------------
     0 | D:1      | flotson the Demonspawn Fighter began the quest for the Orb.
     0 | D:1      | Reached XP level 1. HP: 18/18 MP: 1/1
   261 | D:1      | Gained mutation: You are partially covered in rugged brown
                  | scales. (AC +1, +3% HP) [demonic ancestry]
   261 | D:1      | Reached XP level 2. HP: 18/24 MP: 2/2
   827 | D:2      | Noticed Natasha
   830 | D:2      | Noticed a crimson imp
   835 | D:2      | Noticed a crimson imp
   835 | D:2      | Killed Natasha
   836 | D:2      | Reached skill level 1 in Dodging
   836 | D:2      | Gained mutation: A meltable shield of frost defends you.
                  | (SH +4) [demonic ancestry]
   836 | D:2      | Reached XP level 3. HP: 21/29 MP: 3/3
  1075 | D:2      | Noticed Natasha
  1091 | D:2      | Killed from afar by Natasha

Illustrated notes

Levels and vault maps discovered:
D:1:      ldierk_walled_garden_2, layout_loops_ring
D:2:      layout_basic, serial_aquarium, aquarium_bridge_square
          [aquarium_subvault_bridge, aquarium_subvault_window,
          aquarium_subvault_bridge, aquarium_subvault_bridge],
          aquarium_bridge_straight [aquarium_subvault_bridge,
          aquarium_subvault_wall, aquarium_subvault_bridge,
          aquarium_subvault_balcony], aquarium_window_fake, aquarium_window_2,
          aquarium_view_2e, uniq_natasha, uniq_sigmund

Skill      XL: |  1  2  3 |
---------------+----------+-----
Axes           | 2 |  2.2
Dodging        | 1 |  1.2
Armour         | 3 |  3.0
Shields        | 3 |  3.0
Fighting       | |  3.3
Throwing       | |  0.9

Action                   || total
-------------------------++-------
Melee: War axe           ||    96
Armor: Scale mail        ||    55
Dodge: Dodged            ||    41
Block: Kite shield       ||    73

Table legend: (Time is in decaauts)
 A = Elapsed time spent in this place.
 B = Non-inter-level travel time spent in this place.
 C = Inter-level travel time spent in this place.
 D = Time resting spent in this place.
 E = Time spent auto-exploring this place.
 F = Levels seen in this place.
 G = Mean time per level.
                   A        B        C        D        E       F      G
               +--------+--------+--------+--------+--------+-----+--------+
         Total |   1160 |   1134 |     26 |      0 |    888 |   2 |  580.0 |
       Dungeon |   1160 |   1134 |     26 |      0 |    888 |   2 |  580.0 |
               +--------+--------+--------+--------+--------+-----+--------+

Top non-repeatable levels by time:
     D:1: 842 daAuts
     D:2: 317 daAuts
